 Dungeon Crawl Stone Soup version 0.31-a0-656-gb4d89c20fa (webtiles) character file.

Game seed: 16623657228277607566

130 Aneyh the Slasher (level 5, -5/32 HPs)
             Began as a Tengu Monk on Aug 30, 2023.
             Slain by a gnoll
             ... wielding a +0 halberd
             ... led by a gnoll bouda
              (13 damage)
             ... on level 4 of the Dungeon.
             The game lasted 00:04:39 (2198 turns).

Aneyh the Slasher (Tengu Monk)                      Turns: 2198, Time: 00:04:40

Health: -5/32      AC:  5    Str: 11    XL:     5   Next: 14%
Magic:  6/6        EV: 15    Int: 10    God:
Gold:   168        SH:  0    Dex: 19    Spells: 4/4 levels left

rFire   . . .        a - +0 falchion
rCold   . . .        (no shield)
rNeg    . . .        i - +0 ring mail
rPois   .            (helmet restricted)
rElec   .            (no cloak)
rCorr   .            (no gloves)
SInv    .            (boots unavailable)
Will    .....        (no amulet)
Stlth   +            (no ring)
HPRegen 0.25/turn    (no ring)
MPRegen 0.10/turn

%: no passive effects
@: no status effects
A: beak, talons 3, nimble 1
a: no special abilities


You were on level 4 of the Dungeon.
You visited 1 branch of the dungeon, and saw 4 of its levels.

You collected 168 gold pieces.

Inventory:

Hand Weapons
 a - a +0 falchion (weapon)
 r - a +1 heavy mace
Missiles
 o - 4 poisoned darts (quivered)
 v - a throwing net
Armour
 b - a +0 robe
 d - an orb of light
 i - a +0 ring mail (worn)
Wands
 u - a wand of flame (37)
Scrolls
 f - a scroll of noise {unknown}
 g - a scroll of poison {unknown}
 j - 4 scrolls of enchant armour {unknown}
 k - a scroll of identify {unknown}
 m - a scroll of fog {unknown}
 q - 3 scrolls of teleportation {unknown}
 s - a scroll of vulnerability {unknown}
Potions
 c - a potion of ambrosia
 e - 2 potions of curing {unknown}
 h - a potion of resistance {unknown}
 l - a potion of mutation {unknown}
 n - a potion of lignification {unknown}
 p - a potion of enlightenment {unknown}
 t - a potion of heal wounds {unknown}


   Skills:
 - Level 3.0 Fighting
 + Level 6.2 Long Blades
 - Level 3.2 Dodging


You had 4 spell levels left.
You didn't know any spells.
Your spell library contained the following spells:

 Spells                   Type           Power      Damage    Failure   Level
 Blink                    Tloc           0%         N/A       80%         2
 Manifold Assault         Tloc           0%         N/A       100%        4


Dungeon Overview and Level Annotations

Branches:
Dungeon (4/15)
 Temple: D:4-7

Altars:
Vehumet

Annotations:
D:3 2 runed translucent doors, Dittersdorf's ghost, amateur GrFi


Innate Abilities, Weirdness & Mutations

You have a beak for a mouth.
You have claws for feet.
Your magical nature helps you evade attacks. (EV +4)


Message History

q - 3 scrolls labelled CEIGGI ZUUCW (gained 1)
A gnoll comes into view. It is wielding a +0 whip.
The gnoll shouts!
A gnoll is nearby!
A gnoll is nearby! 2 gnolls come into view.
A gnoll bouda comes into view. It is wielding a +0 club.
You throw a poisoned dart. The poisoned dart hits the gnoll.
The gnoll is poisoned.
The gnoll bouda shouts!
The gnoll shouts!
An iguana comes into view.
You throw a poisoned dart. The poisoned dart hits the gnoll.
The gnoll is lightly wounded.
The iguana hisses angrily.
You hear a shout!
The gnoll bouda barks out a call to the hunt!
The gnolls pick up the pace!
A gnoll comes into view. It is wielding a +0 flail.
A gnoll comes into view. It is wielding a +0 halberd.
You hit the gnoll but do no damage. You peck the gnoll.
The gnoll is heavily wounded.
The gnoll hits you with a +0 whip!
You closely miss the gnoll. You peck the gnoll.
The gnoll is severely wounded.
The gnoll hits you from afar with a +0 halberd!
The gnoll closely misses you.
The gnoll shouts!
The gnoll attacks as it pursues you! The gnoll hits you with a +0 whip.
You hit the gnoll but do no damage.
The gnoll is almost dead.
You kill the gnoll!
The gnoll closely misses you. The gnoll attacks as it pursues you!
The gnoll hits you from afar with a +0 halberd.
* * * LOW HITPOINT WARNING * * *
The gnoll completely misses you.
The gnoll hits you from afar with a +0 halberd.
* * * LOW HITPOINT WARNING * * *
The gnoll attacks as it pursues you!
The gnoll hits you from afar with a +0 halberd!
You die... .... l.g

.g g########
#.########.......#
######.#.....##)#
.....#.#g###.##.#
.......#.# #....#
.......#@# ######
#....#.# #......#
#.#...###
#.....##.#
##..#.##.#
#....##.#
#....##.#
#....<#.# ######


You could see a gnoll (swift).

Vanquished Creatures
  Jessica (D:2)
  A gnoll (D:4)
  4 adders
  2 worms (D:2)
  3 dart slugs
  2 endoplasms (D:1)
  A giant cockroach (D:3)
  6 goblins
  4 hobgoblins
  7 kobolds
  2 quokkas (D:1)
  7 bats
  4 frilled lizards
  7 rats
51 creatures vanquished.

Notes
Turn   | Place    | Note
-------+----------+-------------------------------------------
     0 | D:1      | Aneyh the Tengu Monk began the quest for the Orb.
     0 | D:1      | Reached XP level 1. HP: 14/14 MP: 2/2
   129 | D:1      | Reached XP level 2. HP: 19/19 MP: 3/3
   274 | D:1      | Reached skill level 4 in Long Blades
   673 | D:1      | Reached XP level 3. HP: 23/23 MP: 4/4
  1075 | D:2      | Reached skill level 5 in Long Blades
  1237 | D:2      | Noticed Jessica
  1245 | D:2      | Killed Jessica
  1246 | D:2      | Reached XP level 4. HP: 28/28 MP: 5/5
  1761 | D:3      | Reached skill level 6 in Long Blades
  1785 | D:3      | Found a radiant altar of Vehumet.
  1863 | D:3      | Reached XP level 5. HP: 32/32 MP: 6/6
  2066 | D:3      | Found a large runed translucent door.
  2066 | D:3      | Found a large runed translucent door.
  2072 | D:3      | Noticed Dittersdorf's ghost (amateur GrFi)
  2198 | D:4      | Slain by a gnoll

Illustrated notes

Levels and vault maps discovered:
D:1:      dpeg_arrival_connections, layout_loops_cross, amethyst_killhole
D:2:      layout_rooms, uniq_jessica
D:3:      layout_loops_ring, vehumet_altar_wand_db, ebering_ghost_disaster_area
D:4:      layout_basic, uniq_ijyb, uniq_duvessa

Skill      XL: |  1  2  3  4 |
---------------+-------------+-----
Long Blades    | 4 5 6 |  6.2
Fighting       | |  3.0
Dodging        | |  3.2

Action                     |  1- 3 |  4- 6 || total
---------------------------+-------+-------++-------
  Melee: Falchion          |    76 |    33 ||   109
         Kick              |    17 |    12 ||    29
         Peck              |     9 |     5 ||    14
         Punch             |     1 |       ||     1
  Throw: Dart              |     7 |     8 ||    15
    Use: Potion            |     1 |       ||     1
   Stab: Sleeping          |     1 |     1 ||     2
 Armour: Robe              |     3 |       ||     3
         Ring mail         |     9 |     8 ||    17
  Dodge: Dodged            |    64 |    23 ||    87

Table legend: (Time is in decaauts)
 A = Elapsed time spent in this place.
 B = Non-inter-level travel time spent in this place.
 C = Inter-level travel time spent in this place.
 D = Time resting spent in this place.
 E = Time spent auto-exploring this place.
 F = Levels seen in this place.
 G = Mean time per level.
                   A        B        C        D        E       F      G
               +--------+--------+--------+--------+--------+-----+--------+
         Total |   2204 |   2122 |     82 |      0 |   1697 |   4 |  551.0 |
       Dungeon |   2204 |   2122 |     82 |      0 |   1697 |   4 |  551.0 |
               +--------+--------+--------+--------+--------+-----+--------+

Top non-repeatable levels by time:
     D:1: 883 daAuts
     D:3: 796 daAuts
     D:2: 449 daAuts
     D:4: 74 daAuts
